 Dungeon Crawl Stone Soup version 0.21-a0-221-gfe971b9 (webtiles) character file.

34386 aurelian the Destroyer (level 13, 0/88 HPs)
             Began as an Octopode Fire Elementalist on Aug 24, 2017.
             Was an Elder of Vehumet.
             Slain by a hell rat (20 damage)
             ... on level 6 of the Lair of Beasts.
             The game lasted 01:16:46 (24330 turns).

aurelian the Destroyer (OpFE)                      Turns: 24330, Time: 01:16:46

Health: 0/88       AC:  3    Str: 10    XL:     13   Next: 77%
Magic:  11/27      EV: 14    Int: 24    God:    Vehumet [****..]
Gold:   1054       SH: 15    Dex: 13    Spells: 7/32 levels left

rFire    . . .     SeeInvis .   h - +1 hunting sling
rCold    . . .     Gourm    .   l - +1 shield
rNeg     . . .     Faith    .   (helmet restricted)
rPois    .         Spirit   .   G - +4 amulet of reflection
rElec    .         Reflect  +   r - +1 ring of protection
rCorr    .         Harm     .   D - +1 ring of protection
MR       +....                  v - ring of protection from magic
Stlth    +++.......             H - +3 ring of strength
HPRegen  0.24/turn              K - +2 ring of intelligence
MPRegen  0.20/turn              M - ring of flight
                                (no ring)
                                (no ring)

@: lethally poisoned (0 -> 0), very slightly contaminated
A: almost no armour, stealthy swim, amphibious, 8 rings, constrict 8, camouflage
1, gelatinous body 1
a: Renounce Religion, Evoke Flight


You were on level 6 of the Lair of Beasts.
You worshipped Vehumet.
Vehumet was greatly pleased with you.
You were hungry.

You visited 2 branches of the dungeon, and saw 16 of its levels.
You also visited: Sewer.

You collected 1054 gold pieces.

Inventory:

Hand Weapons
 c - a +0 short sword
 h - a +1 hunting sling (weapon)
 n - a cursed -3 spear
 E - the cursed +2 quarterstaff "Tutoemm" {chaos, +Fly Str+3 Dex-2, unknown}
   (You found it on level 6 of the Dungeon)

   Each time it hits an enemy it has a different, random effect.
   It affects your strength (+3).
   It affects your dexterity (-2).
   It lets you fly.
   It has a curse placed upon it.
 U - the +6 long sword "Weiciufa" {drain, *Noise rN++ Str+7}
   (You found it on level 3 of the Lair of Beasts)

   A truly terrible weapon, it drains the life of those it strikes.
   It affects your strength (+7).
   It greatly protects you from negative energy.
   It may make noises in combat.
 X - the cursed +2 hunting sling of Anxiety {speed, MR+ Int-4 SInv}
   (You found it on level 4 of the Lair of Beasts)

   Attacks with this weapon are significantly faster.
   It affects your intelligence (-4).
   It affects your resistance to hostile enchantments.
   It lets you see invisible.
   It has a curse placed upon it.
Missiles
 f - 603 stones
 u - 121 sling bullets (quivered)
 N - a throwing net
Armour
 l - a +1 shield (worn)
Magical Staves
 o - an uncursed staff of death
Jewellery
 r - a +1 ring of protection (left tentacle)
 v - a ring of protection from magic (on tentacle)
 D - a +1 ring of protection (right tentacle)
 G - a +4 amulet of reflection (around mantle)
 H - a +3 ring of strength (on tentacle)
 K - a +2 ring of intelligence (on tentacle)
 M - a ring of flight (on tentacle)
Wands
 e - a wand of confusion (24/48)
 k - a wand of lightning (0/15)
 p - a wand of enslavement (7/24)
 w - a wand of confusion (25/48)
 F - a wand of iceblast (2/15)
 L - a wand of digging (7/24)
 Q - a wand of paralysis (6/24)
 V - a wand of polymorph (13/24)
 Z - a wand of acid (5/15)
Scrolls
 q - 4 scrolls of enchant weapon
 x - 3 scrolls of remove curse
 B - a scroll of teleportation
 C - 8 scrolls of enchant armour
 I - a scroll of magic mapping
 O - 2 scrolls of fog
 T - 3 scrolls of amnesia
Potions
 d - 3 potions of degeneration
 g - a potion of ambrosia
 i - 4 potions of curing
 j - 3 potions of magic
 s - 2 potions of resistance
 A - a potion of haste
 J - 3 potions of brilliance
 S - a potion of agility
Books
 a - a book of Flames

   Spells                             Type                      Level
   a - Flame Tongue                   Conjuration/Fire             1
   b - Throw Flame                    Conjuration/Fire             2
   c - Conjure Flame                  Conjuration/Fire             3
   d - Inner Flame                    Hexes/Fire                   3
   e - Sticky Flame                   Conjuration/Fire             4
   f - Fireball                       Conjuration/Fire             5
 m - a book of Cantrips

   Spells                             Type                      Level
   a - Confusing Touch                Hexes                        1
   b - Animate Skeleton               Necromancy                   1
   c - Summon Small Mammal            Summoning                    1
   d - Apportation                    Translocation                1
 P - a book of Geomancy

   Spells                             Type                      Level
   a - Sandblast                      Earth                        1
   b - Passwall                       Transmutation/Earth          2
   c - Stone Arrow                    Conjuration/Earth            3
   d - Petrify                        Transmutation/Earth          4
   e - Lee's Rapid Deconstruction     Earth                        5
Comestibles
 b - 10 bread rations
 t - 7 meat rations


   Skills:
 - Level 8.0 Fighting
 - Level 5.4 Dodging
 - Level 4.0 Stealth
 + Level 8.4 Shields
 + Level 10.1 Spellcasting
 + Level 12.2 Conjurations
 + Level 11.2 Fire Magic


You had 7 spell levels left.
You knew the following spells:

 Your Spells              Type           Power        Failure   Level  Hunger
a - Flame Tongue          Conj/Fire      #####        1%          1    None
b - Throw Flame           Conj/Fire      ######       1%          2    None
c - Conjure Flame         Conj/Fire      ######..     1%          3    None
d - Sticky Flame          Conj/Fire      ######..     1%          4    #......
e - Fireball              Conj/Fire      ######....   1%          5    ####...
f - Iskenderun's Mystic   Conj           ######..     1%          4    #......
g - Bolt of Fire          Conj/Fire      ######....   4%          6    ######.


Dungeon Overview and Level Annotations

Branches:
Dungeon (10/15)            Temple (0/1) D:6            Lair (6/6) D:9
 Shoals (0/4) Lair:3        Snake (0/4) Lair:4        Slime (0/5) Lair:5
    Orc (0/2) D:10

Altars:
Cheibriados
Kikubaaqudgha
Makhleb
Nemelex Xobeh
Okawaru
Ru
Trog
Vehumet
Xom
Yredelemnul
The Shining One
Jiyva

Shops:
D:8 [

Annotations:
D:2 Robin
D:4 1 runed door, Pikel
D:6 1 runed door
Lair:5 1 exclusion


Innate Abilities, Weirdness & Mutations

You cannot wear most types of armour.
You are very stealthy in the water. (Stealth+)
You are amphibious.
You can wear up to eight rings at the same time.
You can use your tentacles to constrict eight enemies at once.
Your skin changes colour to match your surroundings (Stealth+).
Your rubbery body absorbs attacks. (AC +1, EV +1)


Message History

You climb downwards. 4 hell rats come into view.
You feel sick.
The hell rat moves out of view.
A hell rat comes into view.
There is a stone staircase leading up, spattered with blood here.
You feel sick.
Okay, then.
You feel sick.
The hell rat roars deafeningly!
You feel sick.
You feel sick.
You feel sick.
You feel sick.
You feel sick.
You feel sick. The hell rat misses you.
You feel sick. You block the hell rat's attack.
You feel sick. The hell rat bites you!!
You die...

..............
......................#
......................##
.......................#
....(..................#
......................#
......................##
......................P#
...............r@.....#
......................#
......#################
......P♣ ......≈♣♣
......≈≈♣♣ ........≈≈
......P≈≈ .......♣


You could see a hell rat.

Vanquished Creatures
  Rupert (Lair:3)
  6 hydras
  A queen ant (Lair:2)
  2 two-headed ogres (D:9)
  2 death yaks (Lair:6)
  Urug (Lair:5)
  A fire crab (Lair:5)
  An unseen horror (D:10)
  3 oklob plants (Lair:4)
  4 elephants (Lair:3)
  A merfolk siren (Lair:3)
  3 torpor snails (Lair:6)
  A black mamba (Lair:6)
  4 spiny frogs
  2 rime drakes
  5 komodo dragons
  A polar bear (Lair:5)
  12 blink frogs
  7 hippogriffs
  12 yaks
  A wyvern (Lair:1)
  4 fire bats (Lair:5)
  2 hungry ghosts
  A basilisk (Lair:1)
  4 soldier ants (Lair:2)
  Menkaure (D:6)
  3 nagas (Lair:4)
  An acid dragon (Lair:6)
  Edmund (D:6)
  8 water moccasins
  8 porcupines
  3 orc warriors (D:10)
  3 ice beasts
  A sky beast (D:6)
  4 slaves
  A black bear (D:8)
  10 wolves
  6 ogres
  An eye of draining (D:8)
  A centaur (D:10)
  15 crocodiles
  13 bullfrogs
  A gnoll sergeant (D:8)
  A wyvern skeleton (D:8)
  A scorpion (D:8)
  4 killer bees (D:8)
  An electric eel (Lair:5)
  3 wights (D:6)
  2 howler monkeys
  3 vampire bats (D:3)
  2 bullfrog zombies
  2 centaur zombies (D:9)
  7 hounds
  4 jellies
  5 orc priests (D:10)
  A centaur skeleton (D:9)
  3 iguanas
  8 orc wizards
  24 worker ants
  2 hound skeletons
  2 hound zombies
  16 adders
  3 gnolls (D:8)
  2 howler monkey skeletons
  A river rat (D:5)
  3 shadow imps
  18 oozes
  An adder skeleton (D:8)
  4 worms
  4 dart slugs
  13 leopard geckos
  60 orcs
  3 bat skeletons (D:3)
  2 bat zombies (D:3)
  22 giant cockroaches
  4 goblins
  3 hobgoblins (D:1)
  4 jackals
  8 kobolds
  5 quokkas
  12 ball pythons
  5 bats
  12 frilled lizards
  A jackal zombie (D:4)
  A leopard gecko skeleton (D:4)
  2 quokka skeletons
  10 rats
  A bush (Lair:3)
  2 fire vortices (Lair:5)
  2 fungi
  3 plants (Lair:4)
465 creatures vanquished.

Vanquished Creatures (others)
  A cyclops (D:9)
  12 fungi
  22 plants
35 creatures vanquished.

Grand Total: 500 creatures vanquished

Notes
Turn   | Place    | Note
-------+----------+-------------------------------------------
     0 | D:1      | aurelian the Octopode Fire Elementalist began the quest for the Orb.
     0 | D:1      | Reached XP level 1. HP: 11/11 MP: 3/3
   235 | D:1      | Reached XP level 2. HP: 17/17 MP: 0/5
   292 | D:1      | Learned a level 2 spell: Throw Flame
   615 | D:1      | Reached skill level 2 in Conjurations
   952 | D:2      | Reached XP level 3. HP: 21/21 MP: 0/6
  1020 | D:2      | Learned a level 3 spell: Conjure Flame
  1431 | D:1      | Reached XP level 4. HP: 20/27 MP: 0/7
  2431 | D:2      | Noticed Robin
  2600 | D:2      | Reached XP level 5. HP: 23/31 MP: 3/8
  2942 | D:3      | Found a sparkling altar of Nemelex Xobeh.
  3163 | D:3      | Found a radiant altar of Vehumet.
  3205 | D:3      | Became a worshipper of Vehumet
  3256 | D:3      | Found an ancient bone altar of Kikubaaqudgha.
  3324 | D:3      | Reached skill level 3 in Conjurations
  3479 | D:3      | Reached XP level 6. HP: 35/36 MP: 7/10
  3618 | D:3      | Found a shimmering altar of Xom.
  3619 | D:3      | Found a shimmering altar of Xom.
  3620 | D:3      | Found a shimmering altar of Xom.
  3622 | D:3      | Found a shimmering altar of Xom.
  3623 | D:3      | Found a shimmering altar of Xom.
  4186 | D:4      | Found a runed door.
  4186 | D:4      | Noticed a human
  4192 | D:4      | Found a basalt altar of Yredelemnul.
  4449 | D:4      | Reached skill level 4 in Conjurations
  4449 | D:4      | Reached skill level 5 in Fire Magic
  4449 | D:4      | Reached XP level 7. HP: 41/41 MP: 2/12
  4677 | D:4      | Reached * piety under Vehumet
  4677 | D:4      | Offered knowledge of Sting by Vehumet.
  4889 | D:4      | Noticed Pikel
  5788 | D:5      | Entered Level 5 of the Dungeon
  5839 | D:5      | Learned a level 4 spell: Sticky Flame
  5957 | D:5      | Found a sparkling altar of Nemelex Xobeh.
  6155 | D:5      | Found a glowing drain.
  6159 | Sewer    | Entered a sewer
  6423 | Sewer    | Offered knowledge of Shock by Vehumet.
  6566 | Sewer    | Reached ** piety under Vehumet
  6906 | Sewer    | Reached skill level 5 in Conjurations
  7215 | Sewer    | Reached XP level 8. HP: 46/46 MP: 12/14
  7231 | Sewer    | Offered knowledge of Ignite Poison by Vehumet.
  7457 | D:5      | Learned a level 5 spell: Fireball
  7496 | D:5      | Found a burning altar of Makhleb.
  7778 | D:6      | Reached skill level 5 in Spellcasting
  7799 | D:6      | Reached *** piety under Vehumet
  7825 | D:6      | Found a runed door.
  7887 | D:6      | Found a sacrificial altar of Ru.
  7992 | D:6      | Got a translucent quarterstaff
  8013 | D:6      | Noticed Edmund
  8027 | D:6      | Killed Edmund
  8027 | D:6      | Reached skill level 6 in Conjurations
  8117 | D:6      | Found a staircase to the Ecumenical Temple.
  8183 | D:6      | Noticed Menkaure
  8192 | D:6      | Killed Menkaure
  8618 | D:6      | Reached XP level 9. HP: 51/51 MP: 10/17
  9232 | D:7      | Reached skill level 7 in Conjurations
  9294 | D:7      | Found an iron altar of Okawaru.
  9964 | D:8      | Found Moddac's Armour Boutique.
 10277 | D:8      | Offered knowledge of Iskenderun's Mystic Blast by Vehumet.
 10283 | D:8      | Learned a level 4 spell: Iskenderun's Mystic Blast
 10289 | D:8      | Found a bloodstained altar of Trog.
 10622 | D:8      | Found a glowing golden altar of the Shining One.
 11186 | D:8      | Reached skill level 8 in Conjurations
 11256 | D:9      | Found a staircase to the Lair.
 11330 | D:9      | Reached XP level 10. HP: 56/56 MP: 14/20
 11381 | D:9      | Noticed a two-headed ogre
 11415 | D:9      | Killed a two-headed ogre
 11495 | D:9      | Reached **** piety under Vehumet
 11859 | D:9      | Offered knowledge of Stone Arrow by Vehumet.
 11861 | D:9      | Noticed a cyclops
 11874 | D:9      | Killed a cyclops
 11978 | D:9      | Noticed a two-headed ogre
 11986 | D:9      | Killed a two-headed ogre
 11986 | D:9      | Reached skill level 9 in Conjurations
 12421 | D:10     | Entered Level 10 of the Dungeon
 12482 | D:10     | Reached skill level 1 in Fighting
 12482 | D:10     | Reached skill level 1 in Shields
 13228 | D:10     | Found a staircase to the Orcish Mines.
 13401 | D:10     | Reached ***** piety under Vehumet
 13408 | D:10     | Offered knowledge of Bolt of Fire by Vehumet.
 13416 | D:10     | Learned a level 6 spell: Bolt of Fire
 13604 | D:10     | Killed an unseen horror
 13604 | D:10     | Reached XP level 11. HP: 26/66 MP: 11/23
 14139 | Lair:1   | Entered Level 1 of the Lair of Beasts
 14882 | Lair:1   | Noticed a five-headed hydra
 14885 | Lair:1   | Killed a five-headed hydra
 14885 | Lair:1   | Reached skill level 10 in Conjurations
 15089 | Lair:1   | Reached skill level 5 in Dodging
 16041 | Lair:2   | Reached skill level 5 in Fighting
 16626 | Lair:2   | Reached skill level 5 in Shields
 16921 | Lair:2   | Noticed a queen ant
 16958 | Lair:2   | Killed a queen ant
 16958 | Lair:2   | Reached XP level 12. HP: 70/77 MP: 4/24
 17706 | Lair:3   | Found a staircase to the Shoals.
 17769 | Lair:3   | Got a polished long sword
 17812 | Lair:3   | Noticed a four-headed hydra
 17820 | Lair:3   | Killed a four-headed hydra
 17909 | Lair:3   | Noticed a seven-headed hydra
 18012 | Lair:3   | Noticed Rupert
 18159 | Lair:3   | Killed Rupert
 18159 | Lair:3   | Reached skill level 11 in Conjurations
 18159 | Lair:3   | Reached skill level 10 in Fire Magic
 18978 | Lair:3   | Killed a seven-headed hydra
 19525 | Lair:4   | Offered knowledge of Conjure Ball Lightning by Vehumet.
 19767 | Lair:4   | Found a staircase to the Snake Pit.
 20571 | Lair:4   | Got a crude hunting sling
 20746 | Lair:4   | Noticed a five-headed hydra
 20902 | Lair:5   | Reached XP level 13. HP: 71/86 MP: 19/26
 21009 | Lair:5   | Identified the cursed +2 hunting sling of Anxiety {speed, MR+ Int-4 SInv} (You found it on level 4 of the Lair of Beasts)
 21010 | Lair:5   | Identified the +6 long sword "Weiciufa" {drain, *Noise rN++ Str+7} (You found it on level 3 of the Lair of Beasts)
 21354 | Lair:5   | Noticed Urug
 21361 | Lair:5   | Killed Urug
 21539 | Lair:5   | Found a staircase to the Slime Pits.
 21540 | Lair:5   | Found a viscous altar of Jiyva.
 22432 | Lair:6   | Entered Level 6 of the Lair of Beasts
 22818 | Lair:6   | Found a snail-covered altar of Cheibriados.
 23567 | Lair:5   | Reached skill level 12 in Conjurations
 24004 | Lair:6   | Reached skill level 10 in Spellcasting
 24330 | Lair:6   | Slain by a hell rat

Vault maps used:
D:1:      lemuel_arrival_lava_pool
D:2:      kennysheep_generic_room_9, uniq_robin
D:3:      nemelex_xobeh_ov_fountains_minmay, kennysheep_vampire_church,
          vehumet_crystals, xom_redecorated
D:4:      first_bread, dk_yredelemnul_ordeal, uniq_pikel
D:5:      basic_altar, gup_sewer_entry_spiral, minmay_misc_feat_encased,
          makhleb_blood_cavern_becter
D:6:      temple_fountains, nicolae_ru_great_annihilating_truth, uniq_edmund,
          uniq_crazy_yiuf_cottage, uniq_menkaure
D:7:      kennysheep_little_box
D:8:      trog_eyes_of_draining, serial_shops, nicolae_shop_stone,
          lemuel_statue_altar
D:9:      lair_entry_dummy, grunt_ogre_cave
D:10:     hiddenorc2_lemuel, special_room, kennysheep_cross_room
Lair:2:   minmay_another_anthill, grunt_megastairs_5
Lair:3:   minmay_shoals_entry_lonely_mermaid, uniq_rupert
Lair:4:   minmay_snake_entry_guardpost_large, lemuel_fruit_tree,
          minmay_lair_oklob_chamber
Lair:5:   slime_altar_1, uniq_urug
Lair:6:   guppyfry_lair_end_dragon, hangedman_lair_caniforms_friends,
          st_stairs_10, kennysheep_snail_temple
Sewer:    sewer_frog_island_02

Skill      XL: |  1  2  3  4  5  6  7  8  9 10 11 12 13 |
---------------+----------------------------------------+-----
Conjurations   | 2 3 4 5 6 8 9 10 11 12 | 12.2
Stealth        | 3 4 |  4.0
Fire Magic     | 4 5 7 8 9 10 11 | 11.2
Spellcasting   | 3 4 5 7 8 9 10 | 10.1
Fighting       | 2 5 7 8 |  8.0
Shields        | 2 5 7 8 |  8.4
Dodging        | 3 5 |  5.4

Action                   |  1- 3 |  4- 6 |  7- 9 | 10-12 | 13-15 || total
-------------------------+-------+-------+-------+-------+-------++-------
Melee: Unarmed           |     1 |       |       |       |       ||     1
       Short sword       |     5 |     6 |       |       |       ||    11
       Constrict         |     1 |     2 |       |       |       ||     3
 Fire: Hunting sling     |       |    85 |    46 |     7 |     6 ||   144
 Cast: Flame Tongue      |    55 |   112 |   310 |   312 |    42 ||   831
       Conjure Flame     |       |     5 |    12 |    11 |     8 ||    36
       Throw Flame       |       |       |    11 |    23 |     9 ||    43
       Sticky Flame      |       |       |     3 |    45 |    26 ||    74
       Fireball          |       |       |     3 |   101 |    34 ||   138
       Iskenderun's Myst |       |       |       |       |    20 ||    20
       Bolt of Fire      |       |       |       |       |    10 ||    10
Evoke: Wand              |       |       |     3 |     5 |     6 ||    14
  Use: Potion            |     4 |       |     3 |     3 |     1 ||    11
       Scroll            |       |     3 |    15 |    10 |     6 ||    34
 Stab: Sleeping          |       |     1 |       |       |       ||     1
  Eat: Chunk             |     2 |     5 |    18 |    39 |     9 ||    73
       Bread ration      |       |     1 |       |       |     1 ||     2
       Royal jelly       |       |       |     3 |     3 |     1 ||     7
       Fruit             |       |       |       |     9 |     5 ||    14
Armor: Skin              |     2 |    10 |     8 |    10 |     4 ||    34
Dodge: Dodged            |    18 |    55 |    40 |    73 |    38 ||   224
Block: Other             |       |       |       |    18 |       ||    18
       Reflection        |       |       |       |     4 |     1 ||     5
       Shield            |       |       |       |     5 |    50 ||    55

Table legend:
 A = Spawn XP
 B = Non-spawn XP
 C = Spawn XP percentage of total XP
 D = Spawn monster count
 E = Non-spawn monster count
 F = Spawn count percentage of total count
 G = Total turns spent on level
                    A         B        C        D         E        F      G
               +---------+---------+-------+---------+---------+-------+---------
         Total |    5799 |   43325 |  11.8 |      64 |     390 |  14.1 | 24330
               +---------+---------+-------+---------+---------+-------+---------
           D:1 |      27 |      36 |  42.9 |      10 |      15 |  40.0 |  1632
           D:2 |      17 |      85 |  16.7 |       2 |      17 |  10.5 |  1344
           D:3 |      16 |     246 |   6.1 |       2 |      27 |   6.9 |  1318
           D:4 |      75 |     283 |  20.9 |       4 |      12 |  25.0 |  1515
           D:5 |      13 |     457 |   2.8 |       1 |      19 |   5.0 |   848
           D:6 |     410 |     609 |  40.2 |       7 |      11 |  38.9 |  1356
           D:7 |       0 |     403 |   0.0 |       0 |       6 |   0.0 |   679
           D:8 |     375 |     923 |  28.9 |       7 |      23 |  23.3 |  1419
           D:9 |     180 |    3913 |   4.4 |       8 |      18 |  30.8 |  1764
          D:10 |     399 |    2091 |  16.0 |       6 |      60 |   9.1 |  1637
        Lair:1 |      90 |    4110 |   2.1 |       1 |      19 |   5.0 |  1094
        Lair:2 |    1304 |    3993 |  24.6 |       9 |      32 |  22.0 |  1984
        Lair:3 |       0 |    8154 |   0.0 |       0 |      12 |   0.0 |  1530
        Lair:4 |       0 |    3005 |   0.0 |       0 |      12 |   0.0 |  1543
        Lair:5 |    1162 |    7748 |  13.0 |       3 |      34 |   8.1 |  2868
        Lair:6 |    1731 |    6870 |  20.1 |       4 |      17 |  19.0 |   680
         Sewer |       0 |     399 |   0.0 |       0 |      56 |   0.0 |  1119
               +---------+---------+-------+---------+---------+-------+---------
